 Dungeon Crawl Stone Soup version bcrawl-1.19.1 (webtiles) character file.

Game seed: 3280695077222027348

742 Revguard the Stinger (level 7, -16/79 HPs)
             Began as a White Draconian Venom Mage on Nov 27, 2019.
             Demolished by Pikel
             ... wielding a +1 whip of electrocution
              (19 damage)
             ... on level 4 of the Dungeon.
             The game lasted 00:16:16 (4628 turns).

Revguard the Stinger (White Draconian Venom Mage)   Turns: 4628, Time: 00:16:16

Health: -16/79     AC:  8    Str: 16    XL:     7   Next: 47%
Magic:  1/12       EV: 12    Int: 16    God:
Gold:   220        SH:  0    Dex: 12    Spells: 3/13 levels left

rFire    . . .     SeeInvis .   u - +3 quarterstaff (chaos)
rCold    + . .     Gourm    .   (shield currently unavailable)
rNeg     . . .     Faith    .   (armour unavailable)
rPois    .         Spirit   .   (helmet restricted)
rElec    .         Reflect  .   e - +0 cloak
rCorr    .         Harm     .   r - +0 pair of gloves
MR       .....                  (no boots)
Stlth    ..........             (no amulet)
HPRegen  0.23/turn              (no ring)
MPRegen  0.13/turn              (no ring)

@: berserking, very slightly contaminated, very quick
A: breathe frost, unfitting armour, cold resistance 1, cold-blooded, AC +6
a: Breathe Frost


You were on level 4 of the Dungeon.
You were hungry.

You visited 1 branch of the dungeon, and saw 4 of its levels.

You collected 220 gold pieces.

Inventory:

Hand Weapons
 g - a +0 spear
 s - a +2 whip of holy wrath
 u - a +3 quarterstaff of chaos (weapon)
Armour
 e - a +0 cloak (worn)
 r - a +0 pair of gloves (worn)
Wands
 a - a wand of polymorph (6)
Scrolls
 c - a scroll of enchant weapon {unknown}
 f - 3 scrolls of amnesia {unknown}
 h - a scroll of enchant armour {unknown}
 l - a scroll of blinking {unknown}
 m - 3 scrolls of identify {unknown}
 o - 2 scrolls of magic mapping {unknown}
 p - 2 scrolls of remove curse {unknown}
 q - 2 scrolls of immolation {unknown}
 t - a scroll of fog {unknown}
 w - a scroll of teleportation {unknown}
Potions
 i - a potion of mutation {unknown}
 j - a potion of haste {unknown}
 k - a potion of curing {unknown}
 n - a potion of lignification {unknown}
Comestibles
 d - 3 rations {!d}
 v - 2 chunks of flesh


   Skills:
 + Level 1.9 Fighting
 - Level 1.2(1.8) Polearms
 + Level 1.8(2.1) Staves
 + Level 2.4 Dodging
 - Level 2.2 Stealth
 + Level 3.6 Spellcasting
 * Level 3.8 Conjurations
 * Level 1.6 Transmutations
 + Level 1.1 Fire Magic
 + Level 2.2 Air Magic
 * Level 4.5 Poison Magic


You had 3 spell levels left.
You knew the following spells:

 Your Spells              Type           Power        Failure   Level  Hunger
a - Sting                 Conj/Pois      ###.         3%          1    None
b - Poisonous Vapours     Pois/Air       ##....       7%          2    ##.....
c - Ignite Poison         Fire/Tmut/Pois ##......     19%         3    ###....
d - Olgreb's Toxic Radia  Pois           ###.....     26%         4    ####...

Your spell library contained the following spells:

 Spells                   Type           Power        Failure   Level  Hunger
 Summon Scorpions         Summ/Pois      ##......     56%         4    ####...
 Venom Bolt               Conj/Pois      ###.......   65%         5    ######.


Dungeon Overview and Level Annotations

Branches:
Dungeon (4/12)             Temple (0/1) D:4

Altars:
Ashenzari
Cheibriados
Vehumet

Annotations:
D:4 Pikel


Innate Abilities, Weirdness & Mutations

You can breathe waves of freezing cold.
You can buffet flying creatures when you breathe cold.
Your icy white scales are hard. (AC +6)
You cannot fit into any form of body armour.
Your flesh is cold resistant. (rC+)
You are cold-blooded and may be slowed by cold attacks.


Message History

You are electrocuted!
You hit Pikel but do no damage.
Pikel is heavily wounded.
Pikel barely misses you.
You miss Pikel.
Pikel is heavily wounded.
Pikel hits you but does no damage.
You are electrocuted!
* * * LOW HITPOINT WARNING * * *
A red film seems to cover your vision as you go berserk!
You feel yourself moving faster!
You feel mighty! Pikel misses you.
You closely miss Pikel.
Pikel is moderately wounded.
Pikel hits you with a +1 whip of electrocution.
* * * LOW HITPOINT WARNING * * *
You are electrocuted!
* * * LOW HITPOINT WARNING * * *
You barely miss Pikel. You tail-slap Pikel.
Pikel is heavily wounded.
Pikel hits you but does no damage.
You are electrocuted!!
You die...

#.#.##.#(#.#..#.#########....#
#.#..#...#.#.....# #....#
#.##[#<..#.#.....# #..#..
#.##.#.....###...# #..#..
##'#..............# #.....
#.......#######...# #...>.
#..........# ##### #.#.#.
#.......##.######### .....##
#.......##....@Kpl.# ####.# #
#.......##########'#### #.
#.......# #..)...# #.
#.......# #......# ##+
######### #......# #⌠.⌠##
#.l.......'.>.#.
#......####⌠"⌠## ###'#### ###
.....#########


You could see Pikel, a slave and an iguana.

Vanquished Creatures
  Eustachio (D:4)
  Purgy (D:4)
  3 slaves (D:4)
  An ogre (D:4)
  Crazy Yiuf (D:3)
  3 orc wizards
  2 iguanas (D:4)
  A worker ant (D:4)
  Ijyb (D:3)
  Natasha (D:4)
  A howler monkey skeleton (D:4)
  6 adders
  An ooze (D:4)
  An adder skeleton (D:4)
  7 worms
  4 dart slugs (D:1)
  6 leopard geckos
  10 orcs
  A ball python (D:1)
  3 giant cockroaches
  5 goblins
  7 hobgoblins
  5 jackals (D:2)
  3 quokkas
  6 bats
  3 frilled lizards
  3 kobolds
  A quokka skeleton (D:4)
  7 rats
95 creatures vanquished.

Notes
Turn   | Place    | Note
-------+----------+-------------------------------------------
     0 | D:1      | Revguard the Draconian Venom Mage began the quest for the
                  | Orb.
     0 | D:1      | Reached XP level 1. HP: 14/14 MP: 3/3
   136 | D:1      | Reached XP level 2. HP: 20/20 MP: 1/5
   187 | D:1      | Learned a level 2 spell: Poisonous Vapours
   544 | D:1      | Reached XP level 3. HP: 26/26 MP: 3/6
   552 | D:1      | Learned a level 3 spell: Ignite Poison
  1557 | D:2      | Reached skill level 1 in Transmutations
  1557 | D:2      | Reached XP level 4. HP: 5/34 MP: 0/7
  2099 | D:2      | Found a snail-covered altar of Cheibriados.
  2103 | D:2      | Found a radiant altar of Vehumet.
  2450 | D:3      | Reached skill level 1 in Polearms
  2516 | D:3      | Found a runed door.
  2779 | D:3      | Reached skill level 1 in Fighting
  2779 | D:3      | Reached XP level 5. HP: 40/40 MP: 3/9
  2891 | D:3      | Noticed Ijyb
  2926 | D:3      | Killed Ijyb
  3267 | D:3      | Reached skill level 1 in Air Magic
  3648 | D:3      | Noticed Crazy Yiuf
  3651 | D:3      | Killed Crazy Yiuf
  3845 | D:4      | Found a staircase to the Ecumenical Temple.
  3880 | D:4      | Reached XP level 6. HP: 48/48 MP: 2/10
  3995 | D:4      | Noticed a slave
  4003 | D:4      | Killed a slave
  4006 | D:4      | Noticed a slave
  4007 | D:4      | Noticed a slave
  4019 | D:4      | Killed a slave
  4075 | D:4      | Learned a level 4 spell: Olgreb's Toxic Radiance
  4134 | D:4      | Noticed Eustachio
  4143 | D:4      | Killed Eustachio
  4143 | D:4      | Reached skill level 1 in Staves
  4143 | D:4      | Reached skill level 1 in Fire Magic
  4143 | D:4      | Reached skill level 4 in Poison Magic
  4290 | D:4      | Found a shattered altar of Ashenzari.
  4385 | D:4      | Noticed Natasha
  4388 | D:4      | Killed Natasha
  4388 | D:4      | Your scales start taking on an icy white colour.
  4388 | D:4      | Reached XP level 7. HP: 53/53 MP: 4/12
  4388 | D:4      | Gained mutation: Your flesh is cold resistant. (rC+) [White
                  | Draconian growth]
  4446 | D:4      | Noticed Purgy
  4454 | D:4      | Killed Purgy
  4614 | D:4      | Noticed Pikel
  4627 | D:4      | HP: 3/79 [Pikel/+1 whip of electrocution (11)]
  4628 | D:4      | Demolished by Pikel

Skill      XL: |  1  2  3  4  5  6 |
---------------+-------------------+-----
Dodging        | 2 |  2.4
Transmutations | 1 |  1.6
Conjurations   | 2 3 |  3.8
Polearms       | 1 |  1.2
Fighting       | 1 |  1.9
Air Magic      | 1 2 |  2.2
Spellcasting   | 3 |  3.6
Staves         | 1 |  1.8
Fire Magic     | 1 |  1.1
Poison Magic   | 4 |  4.5
Stealth        | |  2.2

Action                   |  1- 3 |  4- 6 |  7- 9 || total
-------------------------+-------+-------+-------++-------
Melee: Spear             |    69 |    45 |       ||   114
       Unarmed           |     4 |       |       ||     4
       Club              |     2 |       |       ||     2
       Tailslap          |    10 |    11 |     3 ||    24
       Quarterstaff      |       |    41 |    24 ||    65
 Cast: Sting             |    15 |    11 |     3 ||    29
       Poisonous Vapours |    28 |    45 |     8 ||    81
       Ignite Poison     |       |     7 |     2 ||     9
       Olgreb's Toxic Ra |       |     1 |       ||     1
  Use: Potion            |       |     1 |     1 ||     2
 Stab: Sleeping          |     1 |     1 |       ||     2
       Petrified         |       |     3 |       ||     3
       Petrifying        |       |     1 |       ||     1
  Eat: Chunk             |     4 |    13 |     1 ||    18
Armor: Skin              |    17 |    40 |    10 ||    67
Dodge: Dodged            |    45 |    59 |    17 ||   121
